[Event "fics rated crazyhouse match"]
[Site "fics, Oklahoma City, OK USA"]
[Date "2000.12.18"]
[White "Gnejs"]
[WhiteElo "2453"]
[Black "Leech"]
[BlackElo "2227"]
[TimeControl "120+0"]
[Result "1-0"]

1. e4 e6 2. d4 Nf6 3. e5 Nd5 4. Nf3 Nc6 5. c4 Nb6 6. Nc3 
d5 7. exd6 cxd6 8. Be2 Bd7 9. O-O Rc8 10. Bf4 Be7 11. a4 O-O 
12. a5 Na8 13. Nb5 Be8 14. a6 bxa6 15. Rxa6 P@b7 16. Rxa7 Nxa7 17. Nxa7 
R@g4 18. Bg3 P@f4 19. Nxc8 Qxc8 20. Bxf4 Rxf4 21. P@g3 Re4 22. Bd3 B@g6 
23. R@a5 N@c6 24. Rxa8 Qxa8 25. N@c7 Qd8 26. Nxe8 Rxe8 27. B@c2 Rxd4 28. Bxg6 
Rxd1 29. Bxh7+ Kh8 30. Bxd1 Kxh7 31. Bc2+ P@f5 32. R@h5+ R@h6 33. Rxh6+ gxh6 
34. P@h5 Rg8 35. B@h3 N@g5 36. P@g6+ fxg6 37. Nxg5+ Bxg5 38. hxg6+ Rxg6 39. P@h5 
N@e2+ 40. Kh1 Rg7 41. P@g6+ Kh8 42. N@f7# 
{Leech forfeits on time} 1-0

[Event "fics rated crazyhouse match"]
[Site "fics, Oklahoma City, OK USA"]
[Date "2000.12.19"]
[White "VABORIS"]
[WhiteElo "2322"]
[Black "JiggaB"]
[BlackElo "2288"]
[TimeControl "60+0"]
[Result "0-1"]

1. e4 d5 2. exd5 e6 3. Bb5+ c6 4. dxc6 Nxc6 5. d4 Nf6 6. Nf3 
Bd7 7. O-O P@e4 8. Ne5 Nxe5 9. dxe5 Bxb5 10. Qxd8+ Rxd8 11. exf6 B@f3 
12. N@c7+ Kd7 13. N@e5+ Kxc7 14. Q@c3+ Q@c5 15. Qa5+ Kb8 16. Qxd8+ N@c8 17. P@c7+ 
Qxc7 18. Qxc7+ Kxc7 19. R@c3+ P@c4 20. Nxf3 exf3 21. Bf4+ N@d6 22. Rxf3 N@e2+ 
23. Kh1 Nxf4 24. Rxf4 B@c6 25. P@f3 gxf6 26. P@c5 Be7 27. cxd6+ Bxd6 28. Rh4 
Bxf3 29. gxf3 P@e2 30. Rg1 Q@f1 31. Nc3 
{VABORIS checkmated} 0-1

[Event "fics rated crazyhouse match"]
[Site "fics, Oklahoma City, OK USA"]
[Date "2000.12.19"]
[White "RFrancisco"]
[WhiteElo "2411"]
[Black "jiggaman"]
[BlackElo "2185"]
[TimeControl "120+0"]
[Result "1-0"]

1. e4 e6 2. Nc3 b6 3. d4 Bb7 4. Bd3 Bb4 5. Ne2 Nf6 6. Ng3 
Nc6 7. Be3 e5 8. d5 Nd4 9. O-O Nxc2 10. Bxc2 Bxc3 11. bxc3 P@f4 
12. N@h5 Nxh5 13. Nxh5 Rg8 14. Qg4 N@h6 15. Nxg7+ Kf8 16. B@g5 Nxg4 17. P@e7+ 
Kxg7 18. N@f5+ Kh8 19. Bf6+ N@g7 20. exd8=Q Raxd8 21. Q@g5 Nxf6 22. Qxf6 N@e2+ 
23. Kh1 P@h3 24. Nxg7 hxg2+ 25. Kxg2 Rxg7+ 26. Qxg7+ Kxg7 27. N@h5+ Kg8 28. R@h8# 
{jiggaman resigns} 1-0

[Event "fics rated crazyhouse match"]
[Site "fics, Oklahoma City, OK USA"]
[Date "2000.12.19"]
[White "BarryWhite"]
[WhiteElo "2415"]
[Black "RFrancisco"]
[BlackElo "2414"]
[TimeControl "120+0"]
[Result "1-0"]

1. e4 e6 2. Nf3 Nc6 3. d4 Nf6 4. Bd3 d6 5. O-O Be7 6. Be3 
e5 7. d5 Bg4 8. dxc6 bxc6 9. N@f5 Rg8 10. h3 Bh5 11. Nbd2 P@f4 
12. Bc4 fxe3 13. Nxe3 Bxf3 14. Nxf3 N@d4 15. Nxd4 exd4 16. Bxf7+ Kxf7 17. N@g5+ 
Kf8 18. Ne6+ Ke8 19. P@f7+ Kxf7 20. Nxd8+ Rgxd8 21. P@e6+ Kg8 22. Q@f7+ Kh8 
23. Qxe7 N@g6 24. Qxc7 B@b6 25. Qxc6 dxe3 26. fxe3 B@g3 27. P@f2 Bxf2+ 28. Rxf2 
Bxe3 29. B@g3 P@h4 30. Bxh4 Nxh4 31. B@g3 Ng6 32. B@f5 B@e8 33. P@d7 P@h4 
34. Bxg6 hxg3 35. dxe8=Q+ Rxe8 36. Qxe8+ Rxe8 37. N@f7# 
{RFrancisco resigns} 1-0

[Event "fics rated crazyhouse match"]
[Site "fics, Oklahoma City, OK USA"]
[Date "2000.12.19"]
[White "BarryWhite"]
[WhiteElo "2415"]
[Black "RFrancisco"]
[BlackElo "2414"]
[TimeControl "120+0"]
[Result "1-0"]

1. e4 e6 2. Nc3 Nc6 3. d4 Bb4 4. Nf3 Nf6 5. Bd3 d5 6. e5 
Ne4 7. Bd2 Bxc3 8. bxc3 O-O 9. O-O f5 10. exf6 Nxf6 11. P@h6 P@e4 
12. hxg7 Rf7 13. Ng5 Rxg7 14. B@h6 Qe7 15. Bxg7 Qxg7 16. P@f7+ Kh8 17. Bxe4 
dxe4 18. P@h6 Qxh6 19. R@e8+ B@f8 20. Nxe6 Bxe6 21. Bxh6 Nxe8 
{RFrancisco checkmated} 1-0

[Event "fics rated crazyhouse match"]
[Site "fics, Oklahoma City, OK USA"]
[Date "2000.12.19"]
[White "RFrancisco"]
[WhiteElo "2406"]
[Black "BarryWhite"]
[BlackElo "2423"]
[TimeControl "120+0"]
[Result "1-0"]

1. e4 e6 2. Nc3 d5 3. d4 Ne7 4. e5 Nf5 5. Nf3 Nc6 6. Be3 
Be7 7. Bd3 O-O 8. O-O f6 9. exf6 Bxf6 10. P@e5 Be7 11. Bxf5 exf5 
12. N@h5 B@g4 13. Nxg7 P@e4 14. P@e2 exf3 15. exf3 Kxg7 16. P@f6+ Bxf6 17. exf6+ 
Rxf6 18. B@e5 P@h3 19. fxg4 hxg2 20. Qf3 N@h4 21. Qxg2 Nxg2 22. Bxf6+ Qxf6 
23. R@g3 Nh4 24. gxf5+ P@g6 25. B@h6+ Kf7 26. P@e6+ Bxe6 27. fxe6+ Qxe6 28. P@g2 
P@h3 29. gxh3 N@f3+ 30. Kh1 P@g2+ 31. Rxg2 Qxh3 32. Rfg1 Nxg1 33. Raxg1 P@f6 
34. B@g4 Qxg2+ 35. Rxg2 Q@f1+ 36. Q@g1 Qxg1+ 37. Rxg1 P@g2+ 38. Rxg2 Q@f1+ 39. Q@g1 
Qxg1+ 40. Rxg1 B@g2+ 41. Rxg2 Q@f1+ 42. Q@g1 Qxg1+ 43. Rxg1 R@d6 44. Q@g7+ Ke8 
{BarryWhite checkmated} 1-0

[Event "fics rated crazyhouse match"]
[Site "fics, Oklahoma City, OK USA"]
[Date "2000.12.19"]
[White "BarryWhite"]
[WhiteElo "2415"]
[Black "RFrancisco"]
[BlackElo "2414"]
[TimeControl "120+0"]
[Result "0-1"]

1. e4 e5 2. Nc3 Nc6 3. Nf3 Bc5 4. Bb5 Nf6 5. O-O O-O 6. Bxc6 
dxc6 7. Nxe5 B@h5 8. P@f3 Bd4 9. Nc4 b5 10. Ne3 b4 11. Ne2 Bxe3 
12. fxe3 N@h4 13. N@f4 Rb8 14. B@g5 Nxg2 15. Kxg2 Rb5 16. h4 P@h3+ 17. Nxh3 
Bxh3+ 18. Kxh3 Qd7+ 19. P@f5 Rxf5 20. exf5 Qxf5+ 21. Kg2 P@h3+ 22. Kg1 Qxf3 
23. Rxf3 Bxf3 24. Bxf6 R@g2+ 25. Kf1 Bxe2+ 26. Qxe2 N@g3# 
{BarryWhite resigns} 0-1

[Event "fics rated crazyhouse match"]
[Site "fics, Oklahoma City, OK USA"]
[Date "2000.12.19"]
[White "BarryWhite"]
[WhiteElo "2399"]
[Black "RFrancisco"]
[BlackElo "2430"]
[TimeControl "120+0"]
[Result "1-0"]

1. e4 e5 2. Nf3 Nc6 3. Bb5 Bc5 4. O-O d6 5. c3 Nf6 6. d4 
exd4 7. cxd4 Bb6 8. d5 O-O 9. dxc6 bxc6 10. Bxc6 Bg4 11. P@h6 gxh6 
12. Bxh6 P@h4 13. Bxa8 Qxa8 14. P@g7 
{RFrancisco resigns} 1-0

[Event "fics rated crazyhouse match"]
[Site "fics, Oklahoma City, OK USA"]
[Date "2000.12.19"]
[White "RFrancisco"]
[WhiteElo "2421"]
[Black "BarryWhite"]
[BlackElo "2408"]
[TimeControl "120+0"]
[Result "1-0"]

1. e4 e6 2. d4 d5 3. e5 Ne7 4. Bd3 Nf5 5. c3 Nc6 6. Nh3 
Nfxd4 7. cxd4 Nxd4 8. O-O Be7 9. Be3 P@c5 10. N@h5 Bf8 11. Qg4 P@f5 
12. Nxg7+ Bxg7 13. Qxg7 Kd7 14. Bxd4 cxd4 15. Bb5+ c6 16. Qxf7+ B@e7 17. P@d6 
cxb5 18. Qxe7+ Qxe7 19. dxe7 N@e4 20. N@f6# 
{BarryWhite resigns} 1-0

[Event "fics rated crazyhouse match"]
[Site "fics, Oklahoma City, OK USA"]
[Date "2000.12.19"]
[White "BarryWhite"]
[WhiteElo "2400"]
[Black "RFrancisco"]
[BlackElo "2429"]
[TimeControl "120+0"]
[Result "1-0"]

1. e4 e6 2. d4 Nc6 3. Nf3 Nf6 4. Bd3 d6 5. Be3 e5 6. d5 
Bg4 7. dxc6 bxc6 8. h3 Bxf3 9. Qxf3 P@f4 10. O-O N@h4 11. Qe2 d5 
12. exd5 Qxd5 13. P@e4 Nxe4 14. Bxe4 Qxe4 15. B@f3 Qg6 16. Bxf4 Nxf3+ 17. Qxf3 
exf4 18. P@d7+ Kxd7 19. N@e5+ Ke8 20. Nxg6 hxg6 21. N@e5 Rd8 22. Qxc6+ P@d7 
23. Nxd7 P@h2+ 24. Kh1 P@e2 25. Q@e4+ Be7 26. Qxe2 Rxd7 27. N@b8 B@c8 28. P@b7 
N@f5 29. bxc8=Q# 
{RFrancisco resigns} 1-0

[Event "fics rated crazyhouse match"]
[Site "fics, Oklahoma City, OK USA"]
[Date "2000.12.19"]
[White "RFrancisco"]
[WhiteElo "2420"]
[Black "BarryWhite"]
[BlackElo "2409"]
[TimeControl "120+0"]
[Result "0-1"]

1. e4 e6 2. Nc3 d5 3. d4 dxe4 4. Nxe4 Nf6 5. Nxf6+ gxf6 6. Nf3 
Nc6 7. Bb5 Rg8 8. P@h6 Rxg2 9. N@g7+ Bxg7 10. hxg7 Rxg7 11. Bh6 Rg8 
12. Bxc6+ bxc6 13. N@g7+ Ke7 14. B@h4 N@d5 15. Bxf6+ Nxf6 16. P@e5 N@d5 17. exf6+ 
Nxf6 18. Bg5 Rxg7 19. Bxf6+ Kxf6 20. N@h5+ Ke7 21. Nxg7 B@f6 22. R@e8+ Qxe8 
23. Nxe8 P@g2 24. N@g8+ Kf8 25. Rg1 R@f1+ 26. Kd2 B@g5+ 27. Nxg5 Bxg5+ 28. B@e3 
Bxe3+ 29. fxe3 Rxd1+ 30. Raxd1 P@c3+ 31. bxc3 N@e4+ 32. Kd3 P@c4+ 33. Ke2 
{RFrancisco checkmated} 0-1

[Event "fics rated crazyhouse match"]
[Site "fics, Oklahoma City, OK USA"]
[Date "2000.12.19"]
[White "BarryWhite"]
[WhiteElo "2417"]
[Black "RFrancisco"]
[BlackElo "2412"]
[TimeControl "120+0"]
[Result "1-0"]

1. e4 d5 2. exd5 Nf6 3. d4 Nxd5 4. Nf3 Nc6 5. Be2 Bf5 6. Nc3 
Nxc3 7. bxc3 N@e4 8. Bd2 e5 9. P@b5 exd4 10. bxc6 Nxd2 11. Qxd2 P@b2 
12. Rd1 B@c1 13. Rxc1 bxc1=Q+ 14. Qxc1 dxc3 15. P@d7+ Bxd7 16. cxd7+ Qxd7 17. O-O 
P@d2 18. N@e5 dxc1=Q 19. Nxd7 Qxf1+ 20. Bxf1 Rd8 21. N@f6+ gxf6 22. Nxf6+ Ke7 
23. B@g5 Bh6 24. N@f5+ Ke6 25. Q@e7+ Kxf5 
{RFrancisco checkmated} 1-0

[Event "fics rated crazyhouse match"]
[Site "fics, Oklahoma City, OK USA"]
[Date "2000.12.19"]
[White "BarryWhite"]
[WhiteElo "2417"]
[Black "RFrancisco"]
[BlackElo "2412"]
[TimeControl "120+0"]
[Result "1-0"]

1. e4 e6 2. Nc3 Nc6 3. d4 Bb4 4. Nf3 Nf6 5. Bd3 d6 6. O-O 
e5 7. d5 Bxc3 8. dxc6 bxc6 9. bxc3 Bg4 10. N@f5 Bxf5 11. exf5 P@d5 
12. B@h4 Rg8 13. B@e6 Qe7 14. Bxf7+ Kxf7 15. P@g6+ Ke8 16. gxh7 Rf8 17. Bxf6 
gxf6 18. N@g6 Qxh7 19. Nxf8 Kxf8 20. Nxe5 dxe5 21. P@g6 Qg7 22. R@f7+ Qxf7 
23. gxf7 R@g7 24. P@g6 B@d6 25. Bh6 B@h8 26. Q@g8+ Ke7 27. Qxa8 N@h4 28. R@e8# 
{RFrancisco resigns} 1-0

[Event "fics rated crazyhouse match"]
[Site "fics, Oklahoma City, OK USA"]
[Date "2000.12.19"]
[White "RFrancisco"]
[WhiteElo "2404"]
[Black "BarryWhite"]
[BlackElo "2425"]
[TimeControl "120+0"]
[Result "1-0"]

1. e4 e6 2. Nc3 d5 3. d4 Ne7 4. Nf3 Nbc6 5. exd5 Nxd5 6. Bd3 
Bb4 7. Bd2 Qe7 8. P@e4 Bxc3 9. bxc3 Nb6 10. O-O Bd7 11. e5 Nd5 
12. B@h4 f6 13. c4 P@f5 14. cxd5 exd5 15. N@h5 P@e4 16. exf6 gxf6 17. Bxf6 
Qf7 18. Ng5 N@e6 19. Nxf7 Kxf7 20. Bxh8 P@g7 21. Bxg7 Nxg7 
{BarryWhite resigns} 1-0

[Event "fics rated crazyhouse match"]
[Site "fics, Oklahoma City, OK USA"]
[Date "2000.12.19"]
[White "BarryWhite"]
[WhiteElo "2417"]
[Black "RFrancisco"]
[BlackElo "2412"]
[TimeControl "120+0"]
[Result "1-0"]

1. e4 e6 2. Nc3 d5 3. d4 dxe4 4. Nxe4 Nf6 5. Ng5 Be7 6. N1f3 
O-O 7. Bd3 P@h6 8. Nxh7 Nxh7 9. Bxh7+ Kxh7 10. Ne5 B@g6 11. P@h5 Be4 
12. P@g6+ Kg8 13. gxf7+ Rxf7 14. Nxf7 Kxf7 15. N@e5+ Kg8 16. P@f7+ Kh7 17. Qg4 
N@f6 18. Qg6+ Bxg6 19. hxg6+ Kh8 20. f8=Q+ Qxf8 21. Nf7+ Qxf7 22. gxf7 Q@g6 
23. B@d3 P@e4 24. R@g8+ Nxg8 25. fxg8=Q+ Kxg8 26. N@f4 Qf5 27. Be2 N@h4 28. Q@e8+ 
R@f8 29. Qxe7 Qxf4 30. Bxf4 Nxg2+ 31. Kd1 Nxf4 32. Rg1 P@g5 33. Qxf8+ Kxf8 
34. R@h8+ B@g8 35. Q@d8+ N@e8 36. Rxg8+ Kxg8 37. Qxe8+ R@f8 38. N@e7+ Kh7 39. Qxf8 
N@f6 
{RFrancisco checkmated} 1-0

[Event "fics rated crazyhouse match"]
[Site "fics, Oklahoma City, OK USA"]
[Date "2000.12.19"]
[White "RFrancisco"]
[WhiteElo "2404"]
[Black "BarryWhite"]
[BlackElo "2425"]
[TimeControl "120+0"]
[Result "1-0"]

1. e4 e6 2. Nc3 d5 3. d4 Ne7 4. Nf3 Nbc6 5. exd5 Nxd5 6. Bd3 
Bb4 7. Bd2 P@a3 8. Nxd5 Bxd2+ 9. Qxd2 exd5 10. bxa3 Qe7+ 11. P@e5 Nxd4 
12. Nxd4 Qxe5+ 13. P@e3 P@b2 14. Rd1 B@c1 15. Qb4 Bxe3 16. O-O Bxd4 17. B@g3 
P@f4 18. N@f3 Bxf2+ 19. Bxf2 Qe6 20. N@g5 Qh6 21. Rde1+ P@e6 22. B@e5 P@e3 
23. Bxf4 exf2+ 24. Rxf2 N@g4 25. Nxe6 Bxe6 26. Bxh6 B@d6 27. Rxe6+ fxe6 28. B@f7+ 
Kd8 29. Bxe6 N@f6 30. Qxb7 R@b8 31. Bxg7 
{BarryWhite forfeits on time} 1-0

[Event "fics rated crazyhouse match"]
[Site "fics, Oklahoma City, OK USA"]
[Date "2000.12.19"]
[White "BarryWhite"]
[WhiteElo "2417"]
[Black "pminear"]
[BlackElo "2607"]
[TimeControl "120+0"]
[Result "1-0"]

1. e4 e5 2. Nf3 Nc6 3. Bb5 Bc5 4. O-O d6 5. c3 Bg4 6. h3 
Bxf3 7. Qxf3 Nf6 8. B@d5 O-O 9. Bbxc6 bxc6 10. Bxc6 N@g5 11. Qe2 B@g6 
12. d3 Ne6 13. P@f5 Nf4 14. Bxf4 exf4 15. fxg6 hxg6 16. d4 Bb6 17. B@g5 
B@h6 18. Bxf6 gxf6 19. N@g4 B@g7 20. Nxh6+ Bxh6 21. N@g4 P@g7 22. Bxa8 Qxa8 
23. B@e7 B@h4 24. Bxf8 Qxf8 25. N@d7 B@e7 26. Nxf8 Bxf8 27. R@e8 N@h7 28. R@d8 
N@e6 29. Rxe6 fxe6 30. N@e7+ Kf7 31. Nxg6 R@g8 32. P@f5 exf5 
{pminear checkmated} 1-0

[Event "fics rated crazyhouse match"]
[Site "fics, Oklahoma City, OK USA"]
[Date "2000.12.19"]
[White "pminear"]
[WhiteElo "2595"]
[Black "BarryWhite"]
[BlackElo "2429"]
[TimeControl "120+0"]
[Result "1-0"]

1. e4 e6 2. Nc3 d5 3. exd5 exd5 4. Bb5+ Nc6 5. Qe2+ Ne7 6. P@h6 
P@e6 7. hxg7 Bxg7 8. Bxc6+ Nxc6 9. N@h5 B@f8 10. P@h6 Bxh6 11. Nxd5 P@g7 
12. Nxc7+ Qxc7 13. P@f6 Nd4 14. fxg7 Nxc2+ 15. Kf1 Bhxg7 16. Nxg7+ Bxg7 17. B@a4+ 
Bd7 18. P@c6 Bxc6 19. Bxc6+ bxc6 20. B@g3 P@d6 21. P@c5 B@b5 22. d3 Nd4 
23. cxd6 Qd7 24. P@h6 Nxe2 25. hxg7 Q@d1+ 26. B@e1 Nxg3+ 27. fxg3 Bxd3+ 28. N@e2 
Bxe2+ 29. Nxe2 B@f6 30. gxh8=Q+ Bxh8 31. R@g8+ N@f8 32. Rxf8+ Kxf8 33. Bh6+ P@g7 
34. B@e7+ Kg8 35. Rxd1 N@f5 36. Beg5 N@e5 37. N@e7+ Nxe7 38. dxe7 P@d3 39. Q@f8+ 
Rxf8 40. exf8=Q+ Kxf8 41. R@b8# 
{BarryWhite forfeits on time} 1-0

[Event "fics rated crazyhouse match"]
[Site "fics, Oklahoma City, OK USA"]
[Date "2000.12.19"]
[White "BarryWhite"]
[WhiteElo "2425"]
[Black "pminear"]
[BlackElo "2599"]
[TimeControl "120+0"]
[Result "0-1"]

1. e4 e5 2. Nf3 Nc6 3. Bb5 Bc5 4. O-O d6 5. c3 Bg4 6. h3 
Bxf3 7. Qxf3 a6 8. Bxc6+ bxc6 9. B@b7 B@b5 10. a4 Bxf1 11. Bxc6+ Ke7 
12. N@f5+ Kf8 13. Bxa8 R@e1 14. Kh2 Be2 15. P@h6 N@f1+ 16. Kh1 Ng3+ 17. Kh2 
Nxf5 18. Qxf5 N@f1+ 19. Kh1 Ng3+ 20. Kh2 Nxf5 21. exf5 Bxf2 22. hxg7+ Kxg7 
{BarryWhite resigns} 0-1

[Event "fics rated crazyhouse match"]
[Site "fics, Oklahoma City, OK USA"]
[Date "2000.12.19"]
[White "pminear"]
[WhiteElo "2603"]
[Black "BarryWhite"]
[BlackElo "2421"]
[TimeControl "120+0"]
[Result "1-0"]

1. e4 e6 2. Nc3 d5 3. exd5 exd5 4. Bb5+ Nc6 5. Nf3 Bd6 6. Qe2+ 
P@e6 7. d4 Ne7 8. P@h6 Rg8 9. hxg7 Nf5 10. P@e5 Bb4 11. Bxc6+ bxc6 
12. N@f6+ Qxf6 13. exf6 B@e4 14. Q@h8 N@h6 15. Bxh6 Nxh6 16. N@e7 Bxe7 17. fxe7 
B@f6 18. Nxe4 dxe4 19. Qxg8+ Nxg8 20. R@f8+ Kxe7 21. B@d8+ Kd7 22. Bxf6 N@e8 
23. Ne5+ Kd6 24. B@c5+ Kd5 
{BarryWhite checkmated} 1-0

[Event "fics rated crazyhouse match"]
[Site "fics, Oklahoma City, OK USA"]
[Date "2000.12.19"]
[White "BarryWhite"]
[WhiteElo "2417"]
[Black "pminear"]
[BlackElo "2607"]
[TimeControl "120+0"]
[Result "0-1"]

1. e4 e5 2. Nc3 Nc6 3. Nf3 Bc5 4. Bb5 Nf6 5. O-O O-O 6. Bxc6 
dxc6 7. Nxe5 B@d4 8. N@f3 Bxc3 9. bxc3 Nxe4 10. P@d4 P@h3 11. B@h1 hxg2 
12. Bxg2 P@h3 13. Bxh3 Bxh3 14. dxc5 Nxc3 
{BarryWhite resigns} 0-1

[Event "fics rated crazyhouse match"]
[Site "fics, Oklahoma City, OK USA"]
[Date "2000.12.19"]
[White "Fudpucker"]
[WhiteElo "2228"]
[Black "Perplexity"]
[BlackElo "2298"]
[TimeControl "60+0"]
[Result "0-1"]

1. e4 e5 2. Nf3 Nc6 3. Be2 Nf6 4. d3 Bc5 5. O-O d5 6. Nc3 
dxe4 7. Nxe4 Nxe4 8. dxe4 Qxd1 9. Rxd1 Bxf2+ 10. Kh1 Q@h5 11. N@h3 Bxh3 
12. gxh3 N@g3+ 13. Kg2 Nxe4 14. B@g4 Qxg4+ 15. hxg4 B@e6 16. P@f5 P@e3 17. fxe6 
P@h3+ 18. Kxh3 
{Fudpucker checkmated} 0-1

[Event "fics rated crazyhouse match"]
[Site "fics, Oklahoma City, OK USA"]
[Date "2000.12.19"]
[White "Perplexity"]
[WhiteElo "2320"]
[Black "Fudpucker"]
[BlackElo "2222"]
[TimeControl "60+0"]
[Result "1-0"]

1. d4 e6 2. e4 Nc6 3. Nf3 Nf6 4. Ng5 Be7 5. Nxf7 Kxf7 6. e5 
Nd5 7. P@b5 Nb8 8. Nc3 Nxc3 9. bxc3 d6 10. exd6 cxd6 11. Qh5+ P@g6 
12. Qf3+ N@f5 13. P@e4 N@h4 14. Qe2 Nh6 15. g3 N4f5 16. exf5 Nxf5 17. g4 
Nh4 18. N@f4 P@f3 19. Qe4 Rf8 20. N@d2 Bg5 21. Nxf3 Nxf3+ 22. Qxf3 N@h4 
23. Qe2 Bxf4 24. P@g2 Bxc1 25. Rxc1 B@b2 26. B@d2 N@c4 27. Qxc4 Qf6 28. N@e4 
Qe7 29. Rb1 Kg8 30. Rxb2 Qf7 31. Qe2 Nd7 32. Nxd6 Qe7 33. B@b4 a5 
34. Nxc8 Qe8 35. Ne7# 
{Fudpucker forfeits on time} 1-0

[Event "fics rated crazyhouse match"]
[Site "fics, Oklahoma City, OK USA"]
[Date "2000.12.19"]
[White "pminear"]
[WhiteElo "2611"]
[Black "BarryWhite"]
[BlackElo "2413"]
[TimeControl "120+0"]
[Result "1-0"]

1. e4 e6 2. Nc3 d5 3. exd5 exd5 4. Bb5+ Nc6 5. Nf3 Bb4 6. Qe2+ 
Ne7 7. a3 Bxc3 8. dxc3 P@e4 9. Ne5 Bd7 10. Bxc6 Nxc6 11. Nxd7 Qxd7 
12. N@c5 Qe7 13. B@d7+ Qxd7 14. Nxd7 Kxd7 15. B@b5 B@d6 16. P@a6 N@e5 17. axb7 
Rab8 18. Bf4 N@g6 19. Bxe5 Nxe5 20. Bxc6+ Nxc6 21. N@d4 Nxd4 22. cxd4 B@e6 
23. P@c6+ Ke7 24. N@e3 B@g6 25. N@e5 B@f5 26. Nxg6+ hxg6 27. B@e5 N@f4 28. Bxd6+ 
cxd6 29. Q@c7+ B@d7 30. cxd7 Bxd7 31. B@g5+ f6 32. Bxf4 P@e6 33. Bxd6+ Ke8 
34. P@f7+ Kxf7 35. Qxd7+ Kg8 36. B@f7+ Kh7 37. Bxb8 N@f4 38. Bxf4 P@f3 39. Nxf5 
fxe2 40. Bxg6+ Kxg6 41. Qxg7+ Kh5 
{BarryWhite checkmated} 1-0

[Event "fics rated crazyhouse match"]
[Site "fics, Oklahoma City, OK USA"]
[Date "2000.12.19"]
[White "BarryWhite"]
[WhiteElo "2409"]
[Black "pminear"]
[BlackElo "2615"]
[TimeControl "120+0"]
[Result "0-1"]

1. e4 e5 2. Nc3 Nc6 3. Nf3 Bc5 4. Bb5 Nf6 5. O-O d6 6. Bxc6+ 
bxc6 7. d3 B@h5 8. N@g3 Bxf3 9. Qxf3 Bg4 10. B@e2 Bxf3 11. Bxf3 N@h4 
12. B@d1 Nxf3+ 13. Bxf3 B@g4 14. N@e1 Bxf3 15. Nxf3 B@g4 16. B@e2 h5 17. Bg5 
Bxf3 18. Bxf3 h4 19. Bxh4 Rxh4 20. B@g5 Rxh2 21. Bxf6 Qxf6 22. Kxh2 Bxf2 
23. Rxf2 P@f4 24. R@h8+ Kd7 25. B@g4+ P@e6 26. Rxa8 fxg3# 
{BarryWhite resigns} 0-1

[Event "fics rated crazyhouse match"]
[Site "fics, Oklahoma City, OK USA"]
[Date "2000.12.19"]
[White "Perplexity"]
[WhiteElo "2355"]
[Black "Fudpucker"]
[BlackElo "2211"]
[TimeControl "60+0"]
[Result "0-1"]

1. Nc3 e6 2. Nf3 Nc6 3. e4 Nf6 4. Bb5 d6 5. d4 Bd7 6. Ng5 
Be7 7. Bxc6 bxc6 8. Nxf7 Kxf7 9. N@b7 Qc8 10. P@a6 N@h4 11. g3 Ng2+ 
12. Kf1 B@h3 13. Qd2 Rb8 14. e5 Nd5 15. Nxd5 exd5 16. Nxd6+ cxd6 17. P@b7 
Qc7 18. exd6 Qxd6 19. N@e5+ Kf8 20. Nxd7+ Qxd7 21. B@f3 P@g4 22. Bxg4 Bxg4 
23. P@h6 Rg8 24. hxg7+ Ke8 25. P@f7+ Kxf7 26. Qh6 P@e2+ 27. Kxg2 B@f3+ 28. Kg1 
e1=Q# 
{Perplexity checkmated} 0-1

[Event "fics rated crazyhouse match"]
[Site "fics, Oklahoma City, OK USA"]
[Date "2000.12.19"]
[White "pminear"]
[WhiteElo "2619"]
[Black "BarryWhite"]
[BlackElo "2405"]
[TimeControl "120+0"]
[Result "1-0"]

1. e4 e6 2. Nc3 d5 3. exd5 exd5 4. Bb5+ Nc6 5. Nf3 Nf6 6. Qe2+ 
P@e6 7. Ne5 Bd7 8. Bxc6 Bxc6 9. Nxf7 Qe7 10. Nxh8 B@h5 11. P@f7+ Kd8 
12. f3 Bxf7 13. Nxf7+ Qxf7 14. N@g5 Qe7 15. R@f7 N@d4 16. Rxe7 Bxe7 17. Nxe6+ 
Nxe6 18. Qxe6 N@g5 19. N@f7+ Nxf7 20. Qxf7 R@e5+ 21. P@e3 Be8 22. Qxg7 N@f5 
23. Qh8 P@f7 24. B@a4 c6 25. P@f4 Re6 26. P@e5 Nd7 27. N@a5 Kc7 28. Nxb7 
Kxb7 29. Bxc6+ Rxc6 30. P@b5 Rb6 31. P@c6+ Kc7 32. Nxd5# 
{BarryWhite resigns} 1-0

[Event "fics rated crazyhouse match"]
[Site "fics, Oklahoma City, OK USA"]
[Date "2000.12.19"]
[White "Perplexity"]
[WhiteElo "2339"]
[Black "Fudpucker"]
[BlackElo "2216"]
[TimeControl "60+0"]
[Result "1-0"]

1. d4 e6 2. e4 Nc6 3. Nf3 Nf6 4. Ng5 Be7 5. Nxf7 Kxf7 6. e5 
Nd5 7. P@b5 d6 8. bxc6 bxc6 9. exd6 cxd6 10. P@e4 Nf6 11. Bd3 P@d5 
12. e5 Ne4 13. exd6 Bxd6 14. Bxe4 dxe4 15. N@g5+ Qxg5 16. Bxg5 Ba6 17. N@e5+ 
Bxe5 18. Q@e7+ Kg6 19. P@h5+ Kf5 
{Fudpucker checkmated} 1-0

[Event "fics rated crazyhouse match"]
[Site "fics, Oklahoma City, OK USA"]
[Date "2000.12.19"]
[White "BarryWhite"]
[WhiteElo "2401"]
[Black "pminear"]
[BlackElo "2623"]
[TimeControl "120+0"]
[Result "1-0"]

1. e4 e5 2. Nf3 Nc6 3. Bb5 Bc5 4. O-O Nf6 5. c3 Nxe4 6. d4 
Bd6 7. Bxc6 dxc6 8. dxe5 P@h3 9. gxh3 Bxh3 10. N@f4 Bxf1 11. Qxf1 R@g4+ 
12. P@g2 Bc5 13. P@d4 Bf8 14. B@f5 Rxf4 15. Bxf4 B@g6 16. Bxe4 Bxe4 17. Nbd2 
B@d3 18. Nxe4 Bxf1 19. Kxf1 Q@d3+ 20. R@e2 P@h3 21. N@f6+ gxf6 22. Nxf6+ Qxf6 
23. exf6+ Qxe2+ 24. Kxe2 R@e6+ 25. Ne5 Rd8 26. P@d7+ Rxd7 27. Q@c8+ Rd8 
{pminear checkmated} 1-0

[Event "fics rated crazyhouse match"]
[Site "fics, Oklahoma City, OK USA"]
[Date "2000.12.19"]
[White "Fudpucker"]
[WhiteElo "2211"]
[Black "Perplexity"]
[BlackElo "2353"]
[TimeControl "180+0"]
[Result "1-0"]

1. e4 e5 2. Nf3 Nc6 3. Be2 Nf6 4. d3 d5 5. exd5 Qxd5 6. Nc3 
Qc5 7. O-O P@d4 8. Ne4 Nxe4 9. dxe4 Nb4 10. Bg5 N@a4 11. N@b3 Qc6 
12. Nxe5 Qxe4 13. Qxd4 Qxd4 14. Nxd4 P@f6 15. Nxf7 Kxf7 16. Bc4+ N@d5 17. P@e4 
Nxb2 18. Bxd5+ Nxd5 19. exd5 fxg5 20. P@e6+ Kf6 21. N@g4+ Ke7 22. N@f5+ Kd8 
23. Ne5 B@e8 24. P@f7 B@d7 25. fxe8=Q+ Bxe8 26. P@d7 Bcxd7 27. exd7 Bxd7 28. Nxd7 
P@g3 29. Nxg3 P@f7 30. P@e6 Q@d6 31. exf7 Qxd7 32. Ne6+ Ke7 33. Nxf8 Kxf8 
34. B@e6 N@h3+ 35. Bxh3 Qxd5 36. N@d7+ Qxd7 37. Bxd7 N@d6 38. B@c5 P@e7 39. Bxd6 
N@h3+ 40. gxh3 exd6 41. Q@e8+ Rxe8 
{Perplexity checkmated} 1-0

[Event "fics rated crazyhouse match"]
[Site "fics, Oklahoma City, OK USA"]
[Date "2000.12.19"]
[White "pminear"]
[WhiteElo "2611"]
[Black "BarryWhite"]
[BlackElo "2413"]
[TimeControl "120+0"]
[Result "0-1"]

1. e4 e6 2. Nc3 Nc6 3. d4 d5 4. Nf3 dxe4 5. Nxe4 Nf6 6. Nxf6+ 
gxf6 7. N@h5 Rg8 8. Nxf6+ Qxf6 9. P@g5 Qf5 10. Ne5 Nxe5 11. dxe5 Qxe5+ 
12. Qe2 Qxe2+ 13. Bxe2 P@g7 14. P@h6 N@h4 15. Q@a4+ Q@c6 16. Bb5 Nxg2+ 17. Kf1 
Ne3+ 18. Bxe3 P@g2+ 19. Ke2 gxh1=Q 20. Rxh1 N@f4+ 21. Bxf4 N@d4+ 22. Qxd4 Qxb5+ 
23. N@d3 R@d5 24. hxg7 P@f3+ 25. Kxf3 B@h5+ 26. Kg3 Bxg7 27. N@f6+ Bxf6 28. Qxf6 
Rdxg5+ 29. Bxg5 Qxg5+ 30. N@g4 Qxf6 
{pminear forfeits on time} 0-1

[Event "fics rated crazyhouse match"]
[Site "fics, Oklahoma City, OK USA"]
[Date "2000.12.19"]
[White "BarryWhite"]
[WhiteElo "2425"]
[Black "pminear"]
[BlackElo "2599"]
[TimeControl "120+0"]
[Result "0-1"]

1. e4 e5 2. Nf3 Nc6 3. Bb5 Bc5 4. O-O Nf6 5. Bxc6 dxc6 6. Nxe5 
B@d4 7. P@f3 Bxe5 8. c3 N@d3 9. Na3 Nxf2 10. Rxf2 Bxf2+ 11. Kxf2 Bxh2 
12. g3 P@d3 13. N@f4 Bxg3+ 14. Kxg3 P@h4+ 15. Kg2 P@g3 16. B@g1 h3+ 17. Kxg3 
h5 18. B@h4 g5 19. Bxg5 Nxe4+ 20. fxe4 Qxg5+ 21. Kh2 Qxf4+ 22. P@g3 R@g2+ 
23. Kh1 Rxg3 24. Be3 P@g2+ 25. Kh2 Rxe3+ 26. P@g3 Qxg3# 
{BarryWhite resigns} 0-1